 Dungeon Crawl Stone Soup version 0.26.1-11-gd32895ea62 (webtiles) character file.

Game seed: 1267604387166840839

6399 phalm the Destroyer (level 10, -1/76 HPs)
             Began as a Demonspawn Conjurer on June 24, 2021.
             Was an Initiate of Gozag.
             Slain by a troll (16 damage)
             ... on level 9 of the Dungeon.
             The game lasted 00:22:39 (13064 turns).

phalm the Destroyer (Demonspawn Conjurer)          Turns: 13064, Time: 00:22:40

Health: -1/76      AC:  5    Str:  6 (7)  XL:     10   Next: 66%
Magic:  6/19       EV: 11    Int: 23      God:    Gozag
Gold:   1103       SH:  0    Dex: 15 (16) Spells: 7/21 levels left

rFire    . . .     SeeInvis .   w - staff of conjuration
rCold    . . .     Faith    .   (no shield)
rNeg     . . .     Spirit   .   a - +0 leather armour "Hyhadoakk" {Slay+2} (curse)
rPois    .         Reflect  .   (no helmet)
rElec    .         Harm     .   (no cloak)
rCorr    +         Rampage  .   (no gloves)
Will     .....                  t - +0 pair of boots
Stlth    ++++......             (no amulet)
HPRegen  0.22/turn              L - ring of flight
MPRegen  0.16/turn              R - ring of resist corrosion

@: very slightly contaminated
A: hooves 1, thin skeletal structure 2, powered by death 1
a: Renounce Religion, Evoke Flight, Potion Petition, Call Merchant, Bribe Branch


You were on level 9 of the Dungeon.
You worshipped Gozag.
Gozag was most pleased with you.
You visited 1 branch of the dungeon, and saw 9 of its levels.

You collected 1185 gold pieces.
You paid 82 gold pieces to Gozag.


Innate Abilities, Weirdness & Mutations

You have large cloven feet.
You have a moderately thin skeletal structure. (Dex +4, Stealth+)
You regenerate a little health from kills.


   Skills:
 + Level 6.2 Fighting
 * Level 5.9 Armour
 - Level 1.7 Dodging
 - Level 1.7 Stealth
 + Level 6.1 Spellcasting
 + Level 8.7 Conjurations
 + Level 5.9 Hexes
 * Level 6.0 Translocations


You had 7 spell levels left.
You knew the following spells:

 Your Spells              Type           Power        Failure   Level
d - Dazzling Flash        Conj/Hex       100%         1%          3
f - Fulminant Prism       Conj/Hex       28%          6%          4
m - Magic Dart            Conj           100%         1%          1
s - Searing Ray           Conj           100%         1%          2
X - Iskenderun's Mystic   Conj/Tloc      57%          6%          4

Your spell library contained the following spells:

 Spells                   Type           Power        Failure   Level
 Apportation              Tloc           68%          1%          1
 Corona                   Hex            37%          1%          1
 Animate Skeleton         Necr           14%          12%         1
 Summon Small Mammal      Summ           28%          12%         1

Inventory:

Hand Weapons
 f - the +2 hand axe "Gosod" {holy, rN+ Will+ Stlth+, unknown}
   (You found it on level 5 of the Dungeon)

   It has been blessed by the Shining One to cause great damage to the undead
   and demons.
   It protects you from negative energy.
   It affects your willpower, your defense against some magical effects.
   It makes you more stealthy.
 g - a +0 whip of flaming
   (You took it off Pikel on level 4 of the Dungeon)
 o - a +2 morningstar of protection
   (You found it on level 2 of the Dungeon)
 M - a +0 war axe of draining
   (You found it on level 6 of the Dungeon)
Missiles
 e - 299 stones
 i - 61 sling bullets
 k - 62 bolts
 m - 32 poisoned darts
 r - 191 arrows
 x - 2 atropa-tipped darts (quivered)
 y - 5 boomerangs
 O - 6 throwing nets {=f!f}
 Q - 5 silver boomerangs
Armour
 a - the cursed +0 leather armour "Hyhadoakk" (worn) {Slay+2}
   (You found it on level 9 of the Dungeon)

   It affects your accuracy and damage with ranged weapons and melee attacks
   (+2).
   It has a curse placed upon it.
 j - the +7 ring mail of the Vestibule of Hell {Int+6}
   (You found it on level 5 of the Dungeon)

   It affects your intelligence (+6).
 p - a +0 tower shield
   (You found it on level 2 of the Dungeon)
 t - a +0 pair of boots (worn)
   (You found it on level 8 of the Dungeon)
 H - a +0 leather armour of willpower
   (You found it on level 4 of the Dungeon)
 N - a +1 robe of positive energy
   (You found it on level 6 of the Dungeon)
 T - the +0 plate armour of Lilacs {rPois rF+++ Slay-3 Stlth-}
   (You found it on level 8 of the Dungeon)

   It affects your accuracy and damage with ranged weapons and melee attacks
   (-3).
   It renders you almost immune to fire.
   It protects you from poison.
   It makes you less stealthy.
Magical Staves
 w - an uncursed staff of conjuration (weapon)
   (You found it on level 3 of the Dungeon)
 A - an uncursed staff of death
   (You found it on level 3 of the Dungeon)
 S - an uncursed staff of poison {unknown}
   (You found it on level 8 of the Dungeon)
Jewellery
 L - a ring of flight (left hand)
   (You found it on level 1 of the Dungeon)
 R - a ring of resist corrosion (right hand)
   (You found it on level 6 of the Dungeon)
Wands
 E - a wand of iceblast (6)
   (You found it on level 4 of the Dungeon)
Scrolls
 n - 3 scrolls of enchant weapon
 q - 3 scrolls of immolation {unknown}
 s - 4 scrolls of remove curse {@r2}
 v - 8 scrolls of teleportation {@r4}
 B - 2 scrolls of magic mapping {!r}
 C - 2 scrolls of enchant armour {unknown}
 D - a scroll of amnesia
 J - a scroll of noise {!r}
 U - 2 scrolls of random uselessness {unknown}
Potions
 b - 4 potions of curing {@q1}
 c - a potion of flight
 d - 2 potions of attraction {!q}
 h - a potion of heal wounds {@q2}
 l - a potion of might {unknown}
 z - a potion of brilliance {unknown}
 F - a potion of berserk rage {unknown}
 G - a potion of magic {unknown}
 I - a potion of haste {unknown}
 K - a potion of resistance
 P - a potion of lignification {unknown}
 V - a potion of mutation {unknown}

Dungeon Overview and Level Annotations

Branches:
Dungeon (9/15)             Temple (0/1) D:7
   Lair: D:8-11         Orc: D:9-12

Altars:
Ashenzari
Dithmenos
Gozag
Hepliaklqana
Okawaru
Qazlal
Sif Muna
Uskayaw
Vehumet
Xom
Zin

Shops:
D:7 [   D:8 [*

Annotations:
D:6 dig

#........# #.######.#
#.# #.# ##.######.#
### #......##.# ##.##
#..###.##.#
##...###..###.##.#
####.....##.........#
................@####
#####..#.##.###.T#
#.......# #..#
##.#.######..###
#+#.........#.#
.########..# . ##.##
. ##.## ## #.##


You could see a troll.


Message History

You lost 1 mp, and now have 16/19 mp.
Casting: Magic Dart (safe; 1% risk of failure)
Confirm with . or Enter, or press ? or * to list all spells.
Aiming: Magic Dart (safe; 1% risk of failure)
Press: ? - help, Shift-Dir - straight line, f/p - hound zombie
Aim: a hound zombie (moderately damaged, 0% to evade)
You feel a surge of power!
The magic dart hits the hound zombie. 😎 MP[-1]
You lost 1 mp, and now have 15/19 mp.
Casting: Magic Dart (safe; 1% risk of failure)
Confirm with . or Enter, or press ? or * to list all spells.
Aiming: Magic Dart (safe; 1% risk of failure)
Press: ? - help, Shift-Dir - straight line, f/p - hound zombie
Aim: a hound zombie (heavily damaged, 0% to evade)
You feel a surge of power!
The magic dart hits the hound zombie.
The hound zombie closely misses you. 😎 MP[-1]
You lost 1 mp, and now have 14/19 mp.
Casting: Magic Dart (safe; 1% risk of failure)
Confirm with . or Enter, or press ? or * to list all spells.
Aiming: Searing Ray (safe; 1% risk of failure)
Press: ? - help, Shift-Dir - straight line, f/p - hound zombie
Aim: a hound zombie (heavily damaged, 13% to evade)
You feel a surge of power!
The searing ray hits the hound zombie!
You destroy the hound zombie! (Press . to maintain the ray.) 😎 MP[-1]
You lost 1 mp, and now have 13/19 mp.
You now have 1097 gold pieces (gained 9).
An orc comes into view. It is wielding a +0 flail. 😎 MP[+6]
Your mp is fully restored (19).
Casting: Searing Ray (safe; 1% risk of failure)
Confirm with . or Enter, or press ? or * to list all spells.
Aiming: Searing Ray (safe; 1% risk of failure)
Press: ? - help, Shift-Dir - straight line, f - orc
Aim: an orc, wielding a +0 flail (asleep, 0% to evade)
You feel a surge of power!
The searing ray hits the orc.
The orc shouts! (Press . to maintain the ray.) 😎 MP[-2]
You lost 2 mp, and now have 17/19 mp.
The searing ray hits the orc.
You kill the orc! 😎 MP[-1]
You lost 1 mp, and now have 16/19 mp.
You now have 1103 gold pieces (gained 6).
You see here a +0 flail. 😎 MP[+3]
Your mp is fully restored (19).
A troll comes into view.
Casting: Searing Ray (safe; 1% risk of failure)
Confirm with . or Enter, or press ? or * to list all spells.
Aiming: Searing Ray (safe; 1% risk of failure)
Press: ? - help, Shift-Dir - straight line, f - troll
Aim: a troll (asleep, 0% to evade)
You feel a surge of power!
The searing ray hits the troll!
The troll shouts! (Press . to maintain the ray.) 😎 MP[-2]
You lost 2 mp, and now have 17/19 mp.
The searing ray hits the troll! 😎 MP[-1]
You lost 1 mp, and now have 16/19 mp.
The searing ray hits the troll.
The troll bites you!
The troll claws you. x2 😮 HP[-22] MP[-1]
You take 22 damage, and now have 54/76 hp.
MASSIVE DAMAGE!! (PAUSE)
You lost 1 mp, and now have 15/19 mp. 😮 HP[+1]
Casting: Searing Ray (safe; 1% risk of failure)
Confirm with . or Enter, or press ? or * to list all spells.
You feel a surge of power! The troll bites you!
* * * LOW HITPOINT WARNING * * *
The troll barely misses you. The troll claws you!
* * * LOW HITPOINT WARNING * * *
😨 HP[-27] MP[-2]
You take 27 damage, and now have 28/76 hp.
MASSIVE DAMAGE!! (PAUSE)
You lost 2 mp, and now have 13/19 mp. 😨 HP[+1]
Casting: Dazzling Flash (safe; 1% risk of failure)
Confirm with . or Enter, or press ? or * to list all spells.
You feel a surge of power!
You miscast Iskenderun's Mystic Blast.
You are very lightly contaminated with residual magic.
Energy rips through your body!
* * * LOW HITPOINT WARNING * * *
😨 HP[-8] MP[-3]
You take 8 damage, and now have 21/76 hp.
You lost 3 mp, and now have 10/19 mp.
Casting: Iskenderun's Mystic Blast (dangerous; 6% risk of failure)
Confirm with . or Enter, or press ? or * to list all spells.
You feel a surge of power!
You miscast Iskenderun's Mystic Blast.
A wave of violent energy washes through your body!
* * * LOW HITPOINT WARNING * * *
The troll bites you!
You die...
Your body crumbles into a pile of gold.

Skill      XL: |  1  2  3  4  5  6  7  8  9 10 |
---------------+-------------------------------+-----
Fighting       | 1 2 3 4 5 6 |  6.2
Conjurations   | 5 6 7 8 |  8.7
Hexes          | 1 3 4 5 |  5.9
Spellcasting   | 3 4 5 6 |  6.1
Translocations | 2 4 6 |  6.0
Armour         | 2 4 5 |  5.9
Dodging        | |  1.7
Stealth        | |  1.7

Action                   |  1- 3 |  4- 6 |  7- 9 | 10-12 || total
-------------------------+-------+-------+-------+-------++-------
Melee: Unarmed           |     7 |       |       |       ||     7
       Morningstar       |     4 |       |     2 |       ||     6
       Staff             |       |     8 |    34 |     6 ||    48
       Whip              |       |       |     5 |       ||     5
       Kick              |       |       |     3 |     2 ||     5
Throw: Stone             |     6 |     1 |       |       ||     7
       Dart              |       |     3 |       |     1 ||     4
       Throwing net      |       |       |     1 |       ||     1
 Cast: Magic Dart        |    84 |    86 |   164 |    41 ||   375
       Searing Ray       |     7 |    14 |    39 |    44 ||   104
       Dazzling Flash    |       |       |     3 |     3 ||     6
       Iskenderun's Myst |       |       |     2 |     4 ||     6
Evoke: Wand              |       |     5 |       |       ||     5
  Use: Scroll            |       |       |     1 |     7 ||     8
       Potion            |       |       |       |     4 ||     4
 Stab: Distracted        |       |       |       |     1 ||     1
Armor: Robe              |     3 |     4 |     3 |       ||    10
       Ring mail         |       |       |    32 |    19 ||    51
Dodge: Dodged            |    16 |     7 |    50 |    35 ||   108

Levels and vault maps discovered:
D:1:      dpeg_arrival_tiny_d, layout_rooms
D:2:      layout_basic, hex_intersection
D:3:      layout_rooms, old_standard_altar, grunt_dithmenos_smoke_and_mirrors,
          grunt_qazlal_sundering
D:4:      layout_basic, amcnicky_mini_corridor_feature, kennysheep_nondescript,
          uniq_pikel
D:5:      layout_loops_ring, grunt_temple_overflow_gold_and_silver,
          okawaru_ov_weapons_minmay
D:6:      layout_basic, dancing_weapons_uskayaw, due_unseen_surprise,
          uniq_blork_the_orc, uniq_sigmund, uniq_menkaure
D:7:      layout_gridville, lemuel_doored_altar, overflow_temple_1_default,
          xom_teletrap_fun, temple_pool_b, serial_shops,
          nicolae_shop_competitors_out_of_business, uniq_joseph, uniq_harold
D:8:      layout_loops_ring, serial_shops, nicolae_shop_trees,
          minmay_shop_mayhem
D:9:      layout_loops_corners, lemuel_round_altar, marbit_many_paths,
          item_on_display_a

Notes
Turn   | Place    | Note
-------+----------+-------------------------------------------
     0 | D:1      | phalm the Demonspawn Conjurer began the quest for the Orb.
     0 | D:1      | Reached XP level 1. HP: 13/13 MP: 3/3
     0 | D:1      | magus.rc [v1.9.10]
   384 | D:1      | Gained mutation: You regenerate a little health from kills.
                  | [demonic ancestry]
   384 | D:1      | Reached XP level 2. HP: 20/20 MP: 1/5
   387 | D:1      | Learned a level 2 spell: Searing Ray
  1112 | D:2      | Reached skill level 1 in Fighting
  1317 | D:2      | Reached XP level 3. HP: 26/26 MP: 2/6
  1590 | D:2      | Learned a level 3 spell: Dazzling Flash
  1931 | D:2      | You pick up a book of Cantrips and begin reading...
  1931 | D:2      | You add the spells Corona, Animate Skeleton, Summon Small
                  | Mammal and Apportation to your library.
  2496 | D:2      | Gained mutation: You have a somewhat thin skeletal
                  | structure. (Dex +2, Stealth) [demonic ancestry]
  2496 | D:2      | Reached XP level 4. HP: 32/32 MP: 4/7
  2589 | D:3      | Found a stormy altar of Qazlal.
  2631 | D:3      | Found an iron altar of Okawaru.
  2967 | D:3      | Found a shadowy altar of Dithmenos.
  3059 | D:3      | Reached skill level 5 in Conjurations
  3266 | D:3      | Reached skill level 1 in Hexes
  3425 | D:4      | Reached skill level 2 in Fighting
  3551 | D:4      | Reached XP level 5. HP: 37/38 MP: 4/9
  3688 | D:4      | Reached skill level 3 in Spellcasting
  3998 | D:4      | Reached XP level 6. HP: 34/46 MP: 3/10
  4245 | D:4      | Reached skill level 2 in Hexes
  4602 | D:4      | Reached skill level 6 in Conjurations
  4627 | D:4      | Noticed Pikel
  4849 | D:4      | Killed Pikel
  4850 | D:4      | Reached skill level 3 in Fighting
  4850 | D:4      | Reached skill level 4 in Spellcasting
  4850 | D:4      | Reached skill level 3 in Hexes
  4850 | D:4      | Gained mutation: You have a moderately thin skeletal
                  | structure. (Dex +4, Stealth+) [demonic ancestry]
  4850 | D:4      | Reached XP level 7. HP: 41/53 MP: 2/13
  5032 | D:5      | Entered Level 5 of the Dungeon
  5046 | D:5      | Reached skill level 7 in Conjurations
  5202 | D:5      | Got an ichor-stained hand axe
  5346 | D:5      | Found an iron altar of Okawaru.
  5354 | D:5      | Reached XP level 8. HP: 59/60 MP: 7/14
  5560 | D:5      | Reached skill level 4 in Fighting
  5702 | D:5      | Got a faintly glowing ring mail
  5713 | D:5      | Identified the +7 ring mail of the Vestibule of Hell
                  | {Int+6} (You found it on level 5 of the Dungeon)
  5738 | D:5      | Learned a level 4 spell: Iskenderun's Mystic Blast
  6120 | D:5      | Found an opulent altar of Gozag.
  6121 | D:5      | Found a glowing silver altar of Zin.
  6125 | D:5      | Became a worshipper of Gozag Ym Sagoz the Greedy
  6364 | D:6      | Reached skill level 1 in Translocations
  6437 | D:6      | Reached skill level 1 in Armour
  6471 | D:6      | Noticed Blork the orc
  6475 | D:6      | Killed Blork the orc
  6679 | D:6      | Noticed Menkaure
  6683 | D:6      | Killed Menkaure
  6684 | D:6      | Reached skill level 4 in Hexes
  6849 | D:6      | Noticed a +0 hand axe
  6899 | D:6      | Noticed a +0 dagger
  6908 | D:6      | Found a hide-covered altar of Uskayaw.
  6994 | D:6      | Reached skill level 2 in Armour
  7094 | D:6      | Reached skill level 2 in Translocations
  7836 | D:6      | Noticed Sigmund
  7839 | D:6      | Killed Sigmund
  7840 | D:6      | Gained mutation: You have large cloven feet. [demonic
                  | ancestry]
  7840 | D:6      | Reached XP level 9. HP: 57/66 MP: 11/16
  7888 | D:6      | Reached skill level 3 in Armour
  7888 | D:6      | Reached skill level 5 in Spellcasting
  7888 | D:6      | Reached skill level 3 in Translocations
  8723 | D:7      | Found a shimmering altar of Xom.
  8780 | D:7      | Found a staircase to the Ecumenical Temple.
  8800 | D:7      | Noticed Harold
  8819 | D:7      | Killed Harold
  8820 | D:7      | Reached skill level 5 in Fighting
  8820 | D:7      | Reached skill level 4 in Armour
  8820 | D:7      | Reached skill level 8 in Conjurations
  8820 | D:7      | Reached skill level 4 in Translocations
  9162 | D:7      | Reached skill level 5 in Hexes
  9272 | D:7      | Found a broken altar of Ashenzari.
  9283 | D:7      | Found a shimmering blue altar of Sif Muna.
  9315 | D:7      | Found Ohiufum's Armour Shop.
  9525 | D:7      | Noticed Joseph
  9538 | D:7      | Killed Joseph
  9781 | D:7      | Reached XP level 10. HP: 67/75 MP: 8/18
  9876 | D:7      | Learned a level 4 spell: Fulminant Prism
 10310 | D:8      | Reached skill level 5 in Armour
 10310 | D:8      | Reached skill level 5 in Translocations
 10489 | D:8      | Got a faintly humming plate armour
 10584 | D:8      | You pick up a book of Cantrips and begin reading...
 10802 | D:8      | Found Kiagyir's Mayhem Merchandise.
 10903 | D:8      | Noticed a two-headed ogre
 10984 | D:8      | HP: 18/72 [two-headed ogre/cursed -2 giant club (19)]
 10986 | D:8      | HP: 5/72 [two-headed ogre/cursed -2 giant club (6)]
 11563 | D:8      | Killed a two-headed ogre
 11564 | D:8      | Reached skill level 6 in Fighting
 11564 | D:8      | Reached skill level 6 in Spellcasting
 11840 | D:8      | Found Tiykunix's Antique Armour Shop.
 11855 | D:8      | Identified the +0 plate armour of Lilacs {rPois rF+++
                  | Slay-3 Stlth-} (You found it on level 8 of the Dungeon)
 12316 | D:9      | Found a radiant altar of Vehumet.
 12640 | D:9      | Got a jewelled leather armour
 12651 | D:9      | Identified the cursed +0 leather armour "Hyhadoakk"
                  | {Slay+2} (You found it on level 9 of the Dungeon)
 12693 | D:9      | Reached skill level 6 in Translocations
 12916 | D:9      | Found a hazy altar of Hepliaklqana.
 13064 | D:9      | HP: 14/76 [something (7)]
 13064 | D:9      | Slain by a troll

Vanquished Creatures
  Harold (D:7)
  A two-headed ogre (D:8)
  Pikel (D:4)
  Joseph (D:7)
  Sigmund (D:6)
  A wraith (D:7)
  Menkaure (D:6)
  An orc warrior (D:9)
  A sky beast (D:6)
  3 phantoms
  3 necrophages
  2 ice beasts
  An ogre (D:7)
  A black bear (D:9)
  5 centaurs
  A big kobold (D:7)
  4 lemures (D:4)
  Blork the orc (D:6)
  3 bullfrogs
  3 scorpions
  A jelly (D:6)
  7 killer bees
  5 wights (D:8)
  2 centaur zombies
  A quasit (D:9)
  3 orc priests
  A gnoll shaman (D:6)
  3 hounds
  A centaur skeleton (D:6)
  3 bullfrog skeletons
  4 iguanas (D:6)
  7 orc wizards
  10 worker ants
  A killer bee zombie (D:7)
  2 hound zombies
  A worker ant zombie (D:9)
  7 gnolls
  10 adders
  3 shadow imps
  2 white imps
  3 ufetubi
  An ooze (D:3)
  2 adder zombies
  2 adder skeletons
  6 worms
  A dart slug (D:1)
  3 leopard geckos
  21 orcs
  6 bats
  9 giant cockroaches
  2 hobgoblins
  8 jackals
  9 kobolds
  2 quokkas
  2 ball pythons (D:3)
  4 frilled lizards
  3 goblins
  2 jackal skeletons (D:4)
  A quokka skeleton (D:5)
  10 rats
207 creatures vanquished.

Table legend:
 A = Non-vault XP
 B = Vault XP
 C = Vault XP percentage of total XP
 D = Non-vault monster count
 E = Vault monster count
 F = Vault count percentage of total count
                 A         B        C        D         E       F
            +---------+---------+-------+---------+---------+-------
      Total |    6472 |    2670 |  29.2 |     196 |       7 |   3.4
            +---------+---------+-------+---------+---------+-------
        D:1 |      34 |       0 |   0.0 |      17 |       0 |   0.0
        D:2 |      65 |       0 |   0.0 |      22 |       0 |   0.0
        D:3 |      60 |       0 |   0.0 |      21 |       0 |   0.0
        D:4 |     452 |     641 |  58.6 |      22 |       1 |   4.3
        D:5 |     397 |       0 |   0.0 |      12 |       0 |   0.0
        D:6 |    1017 |     480 |  32.1 |      28 |       3 |   9.7
        D:7 |    1263 |    1509 |  54.4 |      30 |       2 |   6.2
        D:8 |    2468 |       0 |   0.0 |      32 |       0 |   0.0
        D:9 |     716 |      40 |   5.3 |      12 |       1 |   7.7
            +---------+---------+-------+---------+---------+-------

Illustrated notes

Table legend:
 A = Kills in this place as a percentage of kills in entire the game.
 B = Kills by you in this place as a percentage of kills by you in the entire game.
 C = Kills by friends in this place as a percentage of kills by friends in the entire game.
 D = Other kills in this place as a percentage of other kills in the entire game.
 E = Experience gained in this place as a percentage of experience gained in the entire game.
 F = Experience gained in this place divided by the number of levels of this place that you have seen.
                   A       B       C       D       E      F
               +-------+-------+-------+-------+-------+----------------------
         Total | 100.0 | 100.0 |   N/A |   N/A | 100.0 | 1015.8
       Dungeon | 100.0 | 100.0 |   N/A |   N/A | 100.0 | 1015.8
               +-------+-------+-------+-------+-------+----------------------

Table legend: (Time is in decaauts)
 A = Elapsed time spent in this place.
 B = Non-inter-level travel time spent in this place.
 C = Inter-level travel time spent in this place.
 D = Time resting spent in this place.
 E = Time spent auto-exploring this place.
 F = Levels seen in this place.
 G = Mean time per level.
                   A        B        C        D        E       F      G
               +--------+--------+--------+--------+--------+-----+--------+
         Total |  13081 |  12781 |    300 |     35 |  11034 |   9 | 1453.4 |
       Dungeon |  13081 |  12781 |    300 |     35 |  11034 |   9 | 1453.4 |
               +--------+--------+--------+--------+--------+-----+--------+

Top non-repeatable levels by time:
     D:7: 2263 daAuts
     D:6: 2126 daAuts
     D:4: 1778 daAuts
     D:8: 1601 daAuts
     D:1: 1362 daAuts
     D:2: 1214 daAuts
     D:5: 1033 daAuts
     D:9: 871 daAuts
     D:3: 829 daAuts
